 Dungeon Crawl Stone Soup version 0.27-a0-972-gd1521fd518 (webtiles) character file.

Game seed: 17978585732293212863

46 littlecub the Skirmisher (level 3, 0/33 HPs)
             Began as a Ghoul Fighter on Apr 13, 2021.
             Slain by a goblin
             ... wielding a +0 dagger
             ... led by Robin
              (2 damage)
             ... on level 2 of the Dungeon.
             The game lasted 00:01:20 (949 turns).

littlecub the Skirmisher (Ghoul Fighter)             Turns: 949, Time: 00:01:21

Health: 0/33       AC:  6    Str: 20    XL:     3   Next: 66%
Magic:  2/2        EV:  7    Int:  3    God:
Gold:   12         SH:  8    Dex:  8    Spells: 2/2 levels left

rFire    . . .     SeeInvis .     - Unarmed
rCold    + . .     Faith    .   b - +0 kite shield
rNeg     + + +     Spirit   .   a - +0 scale mail
rPois    ∞         Reflect  .   (no helmet)
rElec    .         Harm     .   (no cloak)
rCorr    .         Rampage  .   (no gloves)
Will     .....                  (no boots)
Stlth    ..........             (no amulet)
HPRegen  0.00/turn              (no ring)
MPRegen  0.08/turn              (no ring)

@: no status effects
A: claws 1, cold resistance 1, negative energy resistance 3, inhibited
regeneration, torment resistance 2, unbreathing 1
a: no special abilities


You were on level 2 of the Dungeon.
You visited 1 branch of the dungeon, and saw 2 of its levels.

You collected 12 gold pieces.

Inventory:

Armour
 a - a +0 scale mail (worn)
 b - a +0 kite shield (worn)
Scrolls
 e - a scroll of enchant armour {unknown}
 f - a scroll of identify {unknown}
Potions
 c - a potion of might
 d - a potion of degeneration {unknown}
 g - a potion of curing {unknown}


   Skills:
 * Level 4.0 Fighting
 + Level 2.9 Armour
 + Level 0.6 Dodging
 + Level 2.8 Shields
 * Level 2.9 Unarmed Combat


You had 2 spell levels left.
You didn't know any spells.
Your spell library contained the following spells:

 Spells                   Type           Power      Damage    Failure   Level
 Animate Skeleton         Necr           0%         N/A       100%        1
 Apportation              Tloc           0%         N/A       100%        1
 Corona                   Hex            0%         N/A       100%        1
 Summon Small Mammal      Summ           0%         N/A       100%        1


Dungeon Overview and Level Annotations

Branches:
Dungeon (2/15)

Altars:

Annotations:
D:2 Robin


Innate Abilities, Weirdness & Mutations

You thrive by killing the living.
You are immune to poison.
You have sharp fingernails.
Your flesh is cold resistant. (rC+)
You are immune to negative energy. (rN+++)
You do not regenerate when monsters are visible.
You are immune to unholy pain and torment.
You can survive without breathing.


Message History

The goblin hits you with a +0 dagger.
The hobgoblin hits you but does no damage.
The goblin hits you with a +0 dagger.
You scratch the hobgoblin.
You kill the hobgoblin!
Robin throws the goblin at you! The goblin hits you with a +0 dagger.
The goblin hits you but does no damage.
You scratch the goblin.
The goblin is heavily wounded.
The goblin hits you but does no damage. The goblin hits you with a +0 dagger.
You are too injured to fight recklessly!
You completely miss the goblin. The goblin barely misses you. x2
The goblin hits you with a +0 dagger.
You closely miss the goblin. The goblin barely misses you.
The goblin hits you but does no damage. The goblin hits you with a +0 dagger.
* * * LOW HITPOINT WARNING * * *
You scratch the goblin.
The goblin is severely wounded.
The goblin hits you with a +0 dagger.
* * * LOW HITPOINT WARNING * * *
The goblin closely misses you.
You claw the goblin!
You kill the goblin!
The hobgoblin no longer looks unusually strong.
The goblin hits you with a +0 dagger.
* * * LOW HITPOINT WARNING * * *
Robin throws the goblin at you!
Things that are here:
a +0 dagger; a goblin corpse You claw the goblin!
You kill the goblin!
The goblin barely misses you.
Robin roars a battlecry!
The hobgoblin goes into a battle-frenzy!
Robin throws the goblin at you!
You see here a +0 club.
You closely miss the goblin.
The hobgoblin no longer looks unusually strong.
You block the goblin's attack. The goblin hits you with a +0 dagger.
You die...

.........
#.#.#...
#.#.#..
...g. ..g
#)# #g#
#g# #@#
##g##
##...##
#.....####
#...†....#
#.....##.#
##..<###.#
##### ###


You could see Robin, 2 hobgoblins and 2 goblins.

Vanquished Creatures
  An adder (D:2)
  2 endoplasms
  5 goblins
  5 hobgoblins
  7 jackals (D:1)
  A ball python (D:1)
  4 bats (D:1)
  2 frilled lizards (D:1)
  4 kobolds (D:1)
  2 rats (D:1)
33 creatures vanquished.

Vanquished Creatures (others)
  4 toadstools (D:1)
4 creatures vanquished.

Grand Total: 37 creatures vanquished

Notes
Turn   | Place    | Note
-------+----------+-------------------------------------------
     0 | D:1      | littlecub the Ghoul Fighter began the quest for the Orb.
     0 | D:1      | Reached XP level 1. HP: 19/19 MP: 0/0
    55 | D:1      | Reached XP level 2. HP: 15/26 MP: 1/1
   487 | D:1      | Reached XP level 3. HP: 33/33 MP: 2/2
   928 | D:2      | Reached skill level 4 in Fighting
   931 | D:2      | Noticed Robin
   949 | D:2      | Slain by a goblin

Illustrated notes

Levels and vault maps discovered:
D:1:      ldierk_walled_garden_2, layout_rooms, chequers_serial_rivers_marsh
D:2:      layout_loops_ring, shapermc_ecumenical_altar_flowoftime, uniq_robin

Skill      XL: |  1  2  3 |
---------------+----------+-----
Fighting       | 4 |  4.0
Armour         | |  2.9
Dodging        | |  0.6
Shields        | |  2.8
Unarmed Combat | |  2.9

Action                   || total
-------------------------++-------
Melee: Unarmed           ||   126
Armor: Scale mail        ||    66
Dodge: Dodged            ||    36
Block: Kite shield       ||    58

Table legend: (Time is in decaauts)
 A = Elapsed time spent in this place.
 B = Non-inter-level travel time spent in this place.
 C = Inter-level travel time spent in this place.
 D = Time resting spent in this place.
 E = Time spent auto-exploring this place.
 F = Levels seen in this place.
 G = Mean time per level.
                   A        B        C        D        E       F      G
               +--------+--------+--------+--------+--------+-----+--------+
         Total |    980 |    959 |     21 |      0 |    746 |   2 |  490.0 |
       Dungeon |    980 |    959 |     21 |      0 |    746 |   2 |  490.0 |
               +--------+--------+--------+--------+--------+-----+--------+

Top non-repeatable levels by time:
     D:1: 810 daAuts
     D:2: 169 daAuts
